 Dungeon Crawl Stone Soup version 0.31-a0-801-gc67433417a (webtiles) character file.

Game seed: 6977242756808186270

8 Essalna the Conjurer (level 2, -1/19 HPs)
             Began as a Demonspawn Conjurer on Sept 20, 2023.
             Slain by a quokka (3 damage)
             ... on level 1 of the Dungeon.
             The game lasted 00:00:24 (305 turns).

Essalna the Conjurer (Demonspawn Conjurer)           Turns: 305, Time: 00:00:25

Health: -1/19      AC:  2    Str:  7    XL:     2   Next: 0%
Magic:  1/5        EV: 12    Int: 19    God:
Gold:   0          SH:  0    Dex: 11    Spells: 4/5 levels left

rFire   . . .        (no weapon)
rCold   . . .        (no shield)
rNeg    . . .        a - +0 robe
rPois   .            (no helmet)
rElec   .            (no cloak)
rCorr   .            (no gloves)
SInv    .            (no boots)
Will    .....        (no amulet)
Stlth   ++           (no ring)
HPRegen 0.23/turn    (no ring)
MPRegen 0.09/turn

%: no passive effects
@: no status effects
A: claws 1
a: no special abilities


You were on level 1 of the Dungeon.
You visited 1 branch of the dungeon, and saw 1 of its levels.

Inventory:

Armour
 a - a +0 robe (worn)
Potions
 b - a potion of magic


   Skills:
 - Level 1.7 Dodging
 - Level 1.7 Stealth
 + Level 2.3 Spellcasting
 + Level 4.2 Conjurations


You had 4 spell levels left.
You knew the following spells:

 Your Spells              Type           Power      Damage    Failure   Level
a - Magic Dart            Conj           72%        1d6       3%          1

Your spell library contained the following spells:

 Spells                   Type           Power      Damage    Failure   Level
 Searing Ray              Conj           36%        2d5       4%          2
 Dazzling Flash           Conj/Hex       20%        N/A       21%         3
 Fulminant Prism          Conj/Hex       5%         3d7       56%         4
 Iskenderun's Mystic Bla  Conj/Tloc      10%        2d4       56%         4


Dungeon Overview and Level Annotations

Branches:
Dungeon (1/15)

Altars:


Innate Abilities, Weirdness & Mutations

You have sharp fingernails.


Message History

You are out of magic!
You see here a bat corpse.
A quokka and an endoplasm come into view.
The magic dart hits the endoplasm.
The endoplasm is lightly wounded.
The magic dart hits the endoplasm.
The endoplasm is heavily wounded.
The magic dart hits the endoplasm.
The endoplasm is almost dead.
You are out of magic!
You are out of magic!
You are out of magic!
The endoplasm closely misses you.
You see here 7 gold pieces.
You hit the endoplasm.
You kill the endoplasm!
You have reached level 2!
You feel monstrous as your demonic heritage exerts itself.
Your demonic ancestry asserts itself...
Your fingernails lengthen.
You scratch the quokka.
The quokka is severely wounded.
The quokka bites you.
You closely miss the quokka.
The quokka is severely wounded.
The quokka barely misses you. The quokka bites you.
The quokka barely misses you. The quokka completely misses you.
The quokka bites you. The quokka completely misses you. The quokka bites you.
The quokka bites you but does no damage.
The quokka barely misses you. The quokka bites you. The quokka bites you.
The quokka closely misses you. The quokka bites you. The quokka bites you.
* * * LOW HITPOINT WARNING * * *
The quokka bites you.
You die...

♣ #.##########
#.# #.####
#.##.. #.##.#
#.##.#
#####.##.#####
#..[.†.......#
#.##..#.@###.#
#.....r......
........####.###
#.......#
#####.### #.#
#.# #+


You could see a quokka.

Vanquished Creatures
  2 ball pythons (D:1)
  2 endoplasms (D:1)
  A goblin (D:1)
  A bat (D:1)
  A frilled lizard (D:1)
  A rat (D:1)
8 creatures vanquished.

Notes
Turn   | Place    | Note
-------+----------+-------------------------------------------
     0 | D:1      | Essalna the Demonspawn Conjurer began the quest for the
                  | Orb.
     0 | D:1      | Reached XP level 1. HP: 13/13 MP: 3/3
   292 | D:1      | Discovered your monstrous ancestry.
   292 | D:1      | Gained mutation: You have sharp fingernails. [demonic
                  | ancestry]
   292 | D:1      | Reached XP level 2. HP: 19/19 MP: 0/5
   305 | D:1      | Slain by a quokka

Illustrated notes

Levels and vault maps discovered:
D:1:      heliophobic_arrival_enchanted_forest, layout_loops_corners

Action                     || total
---------------------------++-------
  Melee: Unarmed           ||     5
   Cast: Magic Dart        ||    15
 Armour: Robe              ||    10
  Dodge: Dodged            ||     7

Table legend: (Time is in decaauts)
 A = Elapsed time spent in this place.
 B = Non-inter-level travel time spent in this place.
 C = Inter-level travel time spent in this place.
 D = Time resting spent in this place.
 E = Time spent auto-exploring this place.
 F = Levels seen in this place.
 G = Mean time per level.
                   A        B        C        D        E       F      G
               +--------+--------+--------+--------+--------+-----+--------+
         Total |    305 |    305 |      0 |      0 |    263 |   1 |  305.0 |
       Dungeon |    305 |    305 |      0 |      0 |    263 |   1 |  305.0 |
               +--------+--------+--------+--------+--------+-----+--------+

Top non-repeatable levels by time:
     D:1: 305 daAuts
